 Dungeon Crawl Stone Soup version 0.29-a0-270-g1586fc07ea (webtiles) character file.

Game seed: 7835869116105673081

7462 sammy202020 the Fighter (level 10, -4/124 HPs)
             Began as a Demonspawn Berserker on Mar 8, 2022.
             Was a High Priest of Trog.
             Slain by Snorg (7 damage)
             ... on level 11 of the Dungeon.
             The game lasted 00:18:29 (12804 turns).

sammy202020 the Fighter (Demonspawn Berserker)     Turns: 12804, Time: 00:18:30

Health: -4/124     AC: 14    Str: 20    XL:     10   Next: 94%
Magic:  10/10      EV: 14    Int: 11    God:    Trog [*****.]
Gold:   762        SH:  0    Dex: 12    Spells: 9/9 levels left

rFire   . . .      SeeInvis .   r - +8 frozen axe "Frostbite" {freezing cloud, *Noise Fly rC+}
rCold   + . .      Faith    .   (shield currently unavailable)
rNeg    . . .      Spirit   .   u - +1 chain mail
rPois   .          Reflect  .   j - +2 hat
rElec   .          Harm     .   (no cloak)
rCorr   .          Rampage  .   (no gloves)
Will    +....                   (no boots)
Stlth   ..........              (no amulet)
HPRegen 0.30/turn               n - ring of willpower
MPRegen 0.24/turn               (no ring)

@: berserking, flying, repel missiles, very quick
A: horns 1, repulsion field 3, magic regeneration, demonic magic 2
a: Renounce Religion, Berserk, Trog's Hand, Brothers in Arms


You were on level 11 of the Dungeon.
You worshipped Trog.
Trog was extremely pleased with you.
You visited 1 branch of the dungeon, and saw 11 of its levels.
You also visited: Ossuary.

You collected 762 gold pieces.

Inventory:

Hand Weapons
 r - the +8 frozen axe "Frostbite" (weapon) {freezing cloud, *Noise Fly rC+}
   (You found it on level 5 of the Dungeon)

   It freezes those it strikes, dealing additional cold damage.
   It can also slow down cold-blooded creatures.
   It occasionally leaves clouds of freezing vapour upon striking a foe.
   It grants immunity to clouds of freezing vapour.
   rC:        It protects you from cold.
   Fly:       It grants you flight.
   *Noise:    It may make noises in combat.
 B - a +1 flail
Missiles
 z - a throwing net (quivered)
Armour
 j - a +2 hat (worn)
 q - a +1 pair of gloves
 u - a +1 chain mail (worn)
 y - +0 steam dragon scales
Jewellery
 n - a ring of willpower (left hand)
 w - a +4 ring of evasion
Wands
 m - a wand of acid (4)
 t - a wand of polymorph (9)
 x - a wand of digging (8)
Scrolls
 a - 4 scrolls of enchant weapon
 c - 2 scrolls of holy word {unknown}
 f - 4 scrolls of teleportation
 g - 2 scrolls of immolation
 i - 9 scrolls of identify
 s - a scroll of silence
 v - a scroll of noise {unknown}
 E - a scroll of fog
Potions
 b - 4 potions of curing
 d - 2 potions of degeneration {unknown}
 e - 3 potions of mutation {unknown}
 h - 2 potions of cancellation {unknown}
 k - 3 potions of invisibility {unknown}
 l - 6 potions of heal wounds {unknown}
 o - 3 potions of brilliance {unknown}
 p - 3 potions of berserk rage {unknown}
 A - 2 potions of haste {unknown}
 C - a potion of attraction {unknown}
 D - a potion of lignification {unknown}


   Skills:
 * Level 9.5 Fighting
 * Level 8.7 Axes
 * Level 8.6 Armour
 + Level 6.1 Dodging


You had 9 spell levels left.
You didn't know any spells.
Your spell library was empty.

Dungeon Overview and Level Annotations

Branches:
Dungeon (11/15)            Temple (0/1) D:5            Lair (0/6) D:8
Ossuary (visited)
    Orc: D:9-12

Altars:
Ashenzari
Cheibriados
Fedhas
Makhleb

Shops:
D:6 :

Annotations:
D:11 Snorg


Innate Abilities, Weirdness & Mutations

You have a pair of small horns on your head.
You are surrounded by a strong repulsion field. (EV +4, RMsl)
You regenerate magic rapidly.
Spells you cast may paralyse nearby enemies.


Message History

There is an open door here.
Things that are here:
a +0 dagger; a +0 robe
There is a stone staircase leading down here.
You fly downwards.
There is a stone staircase leading up here.
You barely miss Snorg. You headbutt Snorg.
Snorg is lightly wounded.
Snorg barely misses you. Snorg closely misses you. Snorg completely misses you.
You hit Snorg. You freeze Snorg.
Snorg is lightly wounded.
Snorg goes berserk!
You slice Snorg!! You freeze Snorg.
Snorg is lightly wounded.
Snorg closely misses you. Snorg claws you. Snorg claws you but does no damage.
Snorg bites you! Snorg closely misses you. Snorg completely misses you.
Snorg closely misses you. x2; Snorg claws you.
You slash Snorg! You freeze Snorg.
Snorg is moderately wounded.
Snorg misses you.
Snorg claws you. x2; Snorg bites you but does no damage.
Snorg claws you. Snorg barely misses you.
You slice Snorg!! You freeze Snorg. Your headbutt misses Snorg.
Snorg is heavily wounded.
Snorg bites you! Snorg claws you but does no damage. Snorg claws you!
Snorg bites you but does no damage. Snorg closely misses you. Snorg claws you.
You slice Snorg!! You freeze Snorg!
Snorg is severely wounded.
Snorg bites you.
* * * LOW HITPOINT WARNING * * *
Snorg closely misses you. Snorg claws you.
* * * LOW HITPOINT WARNING * * *
Snorg misses you. Snorg claws you!
* * * LOW HITPOINT WARNING * * *
Snorg claws you but does no damage.
A red film seems to cover your vision as you go berserk!
You feel yourself moving faster!
You feel mighty! Snorg bites you!
* * * LOW HITPOINT WARNING * * *
Snorg completely misses you. Snorg closely misses you.
Snorg bites you but does no damage. Snorg claws you!
You die...

.. #.
.. .
#.
#.###
#.T.#
#@#
#<#
###


You could see Snorg (berserk).

Vanquished Creatures
  Gastronok (D:9)
  A two-headed ogre (D:7)
  Maggie (D:9)
  A kobold demonologist (D:10)
  A komodo dragon (D:8)
  Sigmund (D:6)
  2 wraiths (D:10)
  A vampire (D:10)
  2 steam dragons
  2 vampire mosquitoes (D:10)
  Menkaure (D:4)
  Edmund (D:5)
  2 water moccasins
  3 ice beasts
  2 black bears
  2 orc warriors
  An ogre (D:6)
  A phantom (D:6)
  3 centaurs (D:10)
  2 kobold brigands
  A bullfrog (D:7)
  3 gnoll sergeants
  A scorpion (D:7)
  2 necrophages
  5 wights (D:7)
  11 killer bees
  2 howler monkeys
  2 jellies (D:8)
  6 orc priests
  3 hounds
  An iguana (D:4)
  11 orc wizards
  8 mummies (Ossuary)
  Robin (D:3)
  13 gnolls
  9 adders
  2 white imps
  2 ufetubi
  A worm (D:2)
  3 dart slugs
  34 orcs
  6 ball pythons
  8 bats
  11 endoplasms
  2 giant cockroaches (D:1)
  A gnoll zombie (Ossuary)
  18 goblins
  11 hobgoblins
  3 jackals (D:1)
  2 quokkas
  4 frilled lizards
  3 hobgoblin zombies (Ossuary)
  15 kobolds
  2 kobold zombies (Ossuary)
  2 orc zombies (Ossuary)
  7 rats
247 creatures vanquished.

Vanquished Creatures (others)
  9 plants
  9 withered plants (D:1)
18 creatures vanquished.

Grand Total: 265 creatures vanquished

Notes
Turn   | Place    | Note
-------+----------+-------------------------------------------
     0 | D:1      | sammy202020 the Demonspawn Berserker began the quest for
                  | the Orb.
     0 | D:1      | Reached XP level 1. HP: 18/18 MP: 1/1
   288 | D:1      | Found a faded altar of an unknown god.
   349 | D:1      | Gained mutation: You are surrounded by a mild repulsion
                  | field. (EV +2) [demonic ancestry]
   349 | D:1      | Reached XP level 2. HP: 13/24 MP: 2/2
  1940 | D:2      | Gained mutation: Spells you cast may paralyse adjacent
                  | enemies. [demonic ancestry]
  1940 | D:2      | Reached XP level 3. HP: 29/29 MP: 3/3
  2289 | D:2      | Reached ** piety under Trog
  2827 | D:3      | Reached XP level 4. HP: 22/36 MP: 4/4
  3036 | D:3      | Noticed Robin
  3052 | D:3      | Killed Robin
  3522 | D:3      | Gained mutation: You are surrounded by a moderate repulsion
                  | field. (EV +3) [demonic ancestry]
  3522 | D:3      | Reached XP level 5. HP: 25/42 MP: 5/5
  3523 | D:3      | Reached *** piety under Trog
  3718 | D:3      | Reached skill level 4 in Fighting
  4275 | D:4      | Noticed Menkaure
  4284 | D:4      | Killed Menkaure
  4285 | D:4      | Reached XP level 6. HP: 29/49 MP: 6/6
  4959 | D:5      | Entered Level 5 of the Dungeon
  5410 | D:5      | Found a staircase to the Ecumenical Temple.
  5411 | D:5      | Found the +8 frozen axe "Frostbite" {freezing cloud, *Noise
                  | Fly rC+}
  5433 | D:5      | Gained mutation: You are surrounded by a strong repulsion
                  | field. (EV +4, RMsl) [demonic ancestry]
  5433 | D:5      | Reached XP level 7. HP: 10/55 MP: 7/7
  5775 | D:5      | Noticed Edmund
  5779 | D:5      | Killed Edmund
  5780 | D:5      | Reached skill level 5 in Fighting
  5983 | D:5      | Noticed a steam dragon
  5990 | D:5      | Killed a steam dragon
  6163 | D:5      | Reached skill level 5 in Axes
  6621 | D:6      | Gained mutation: You regenerate magic rapidly. [demonic
                  | ancestry]
  6621 | D:6      | Reached XP level 8. HP: 60/64 MP: 8/8
  6689 | D:6      | Reached skill level 5 in Armour
  6729 | D:6      | You are sucked into a shaft and drop 1 floor!
  6758 | D:7      | Reached skill level 6 in Fighting
  7053 | D:6      | Found Kinips's Book Emporium.
  7065 | D:6      | Found a sand-covered staircase.
  7070 | Ossuary  | Entered an ossuary
  7085 | Ossuary  | Reached **** piety under Trog
  7560 | D:6      | Noticed Sigmund
  7565 | D:6      | Killed Sigmund
  7751 | D:6      | Gained mutation: Spells you cast may paralyse nearby
                  | enemies. [demonic ancestry]
  7751 | D:6      | Reached XP level 9. HP: 45/71 MP: 9/9
  8025 | D:7      | Reached skill level 7 in Fighting
  8262 | D:7      | Noticed a two-headed ogre
  8269 | D:7      | Killed a two-headed ogre
  8853 | D:7      | Reached skill level 5 in Dodging
  8951 | D:7      | Reached skill level 8 in Fighting
  9437 | D:8      | Reached ***** piety under Trog
  9853 | D:8      | Found a staircase to the Lair.
  9854 | D:8      | Noticed a komodo dragon
  9868 | D:8      | Killed a komodo dragon
  9869 | D:8      | Gained mutation: You have a pair of small horns on your
                  | head. [demonic ancestry]
  9869 | D:8      | Reached XP level 10. HP: 60/80 MP: 10/10
 10510 | D:9      | Noticed Gastronok
 10525 | D:9      | Killed Gastronok
 10785 | D:9      | Noticed Maggie
 10800 | D:9      | Killed Maggie
 10801 | D:9      | Reached skill level 9 in Fighting
 11809 | D:10     | Entered Level 10 of the Dungeon
 12290 | D:10     | Found a burning altar of Makhleb.
 12301 | D:10     | Found a snail-covered altar of Cheibriados.
 12302 | D:10     | Found a blossoming altar of Fedhas.
 12302 | D:10     | Found a broken altar of Ashenzari.
 12796 | D:11     | Noticed Snorg
 12804 | D:11     | HP: 3/124 [Snorg (13)]
 12804 | D:11     | Slain by Snorg

Illustrated notes

Levels and vault maps discovered:
D:1:      tarquinn_simple_flora_water_b, layout_basic,
          shapermc_ecumenical_altar_flowoftime
D:2:      layout_basic
D:3:      minmay_evil_eye, layout_loops_ring, uniq_robin
D:4:      layout_basic, uniq_menkaure
D:5:      layout_gridville, minmay_temple_entry_glassed_door, uniq_edmund
D:6:      layout_gridville, lightli_ossuary_entry_decrepit_ruins, serial_shops,
          kennysheep_mini, item_on_display_a, uniq_sigmund
D:7:      layout_basic
D:8:      layout_gridville, david_lair_shrubbed
D:9:      layout_basic, enter_bailey_8, uniq_maggie, uniq_gastronok
D:10:     layout_basic, mainiacjoe_overflow_brackets,
          chequers_temple_overflow_statue_of_worship
D:11:     layout_basic, david_orc_3, elyvilon_altar_5, uniq_erica, uniq_snorg

Skill      XL: |  1  2  3  4  5  6  7  8  9 10 |
---------------+-------------------------------+-----
Armour         | 2 3 4 6 7 8 |  8.6
Dodging        | 2 3 4 5 6 |  6.1
Axes           | 3 4 5 6 7 8 |  8.7
Fighting       | 4 5 6 8 9 |  9.5

Action                   |  1- 3 |  4- 6 |  7- 9 | 10-12 || total
-------------------------+-------+-------+-------+-------++-------
Melee: War axe           |   160 |   185 |       |       ||   345
       Hand axe          |     9 |       |       |       ||     9
       Punch             |     1 |     2 |       |       ||     3
       Executioner's axe |       |       |   168 |    96 ||   264
       Headbutt          |       |       |       |    16 ||    16
Invok: Berserk           |       |     2 |     3 |     1 ||     6
       Trog's Hand       |       |     2 |     1 |     1 ||     4
  Use: Scroll            |       |       |    12 |     1 ||    13
       Potion            |       |       |     1 |       ||     1
 Stab: Sleeping          |     2 |       |       |       ||     2
Armor: Animal skin       |     6 |       |       |       ||     6
       Leather armour    |    37 |    13 |       |       ||    50
       Scale mail        |       |    32 |       |       ||    32
       Chain mail        |       |    16 |   105 |    85 ||   206
Dodge: Dodged            |   111 |   157 |   151 |   125 ||   544
       Repelled          |       |       |     1 |     1 ||     2

Table legend: (Time is in decaauts)
 A = Elapsed time spent in this place.
 B = Non-inter-level travel time spent in this place.
 C = Inter-level travel time spent in this place.
 D = Time resting spent in this place.
 E = Time spent auto-exploring this place.
 F = Levels seen in this place.
 G = Mean time per level.
                   A        B        C        D        E       F      G
               +--------+--------+--------+--------+--------+-----+--------+
         Total |  13118 |  12638 |    480 |   1281 |   9158 |  12 | 1093.2 |
       Dungeon |  12660 |  12180 |    480 |   1021 |   9054 |  11 | 1150.9 |
       Ossuary |    457 |    457 |      0 |    260 |    104 |   1 |  457.0 |
               +--------+--------+--------+--------+--------+-----+--------+

Top non-repeatable levels by time:
     D:1: 1933 daAuts
     D:5: 1692 daAuts
     D:7: 1505 daAuts
     D:9: 1500 daAuts
     D:3: 1396 daAuts
    D:10: 1012 daAuts
     D:8: 944 daAuts
     D:2: 939 daAuts
     D:6: 924 daAuts
     D:4: 801 daAuts
 Ossuary: 457 daAuts
    D:11: 10 daAuts
